 Dungeon Crawl Stone Soup version 0.23-a0-171-g5ae17c6 (webtiles) character file.

5309 iamserjio the Destroyer (level 10, 0/88 HPs)
             Began as a Yellow Draconian Wanderer on Sept 13, 2018.
             Was a Priest of Sif Muna.
             Slain by a killer bee (7 damage)
             ... on level 8 of the Dungeon.
             The game lasted 00:30:53 (13085 turns).

iamserjio the Destroyer (DrWn)                     Turns: 13085, Time: 00:30:54

Health: 0/88       AC:  8    Str: 15    XL:     10   Next: 37%
Magic:  16/16      EV: 16    Int: 15    God:    Sif Muna [***...]
Gold:   344        SH:  0    Dex: 11    Spells: 14/17 levels left

rFire    + . .     SeeInvis .   B - +4 long sword (drain)
rCold    + . .     Gourm    .   (no shield)
rNeg     . . .     Faith    .   (armour unavailable)
rPois    .         Spirit   .   (helmet restricted)
rElec    .         Reflect  .   (no cloak)
rCorr    +         Harm     .   (no gloves)
MR       .....                  j - +0 pair of boots
Stlth    ++........             (no amulet)
HPRegen  0.24/turn              O - ring of protection from fire
MPRegen  0.15/turn              Q - ring of protection from cold

@: short of breath, very slightly contaminated
A: spit acid, acid resistance, unfitting armour, cold-blooded, AC +7
a: Breathe Acid, Divine Energy, Channel Magic, Renounce Religion


You were on level 8 of the Dungeon.
You worshipped Sif Muna.
Sif Muna was most pleased with you.
You were not hungry.

You visited 2 branches of the dungeon, and saw 9 of its levels.
You also visited: Bailey.

You collected 469 gold pieces.
You spent 125 gold pieces at shops.

Inventory:

Hand Weapons
 B - a +4 long sword of draining (weapon)
 R - a +0 blowgun
Missiles
 g - 7 needles of confusion
 l - 91 arrows
 o - 72 poisoned needles
Armour
 j - a +0 pair of boots (worn)
Jewellery
 D - an uncursed amulet of magic regeneration {unknown}
 J - an uncursed amulet of the gourmand {unknown}
 N - an uncursed ring of see invisible
 O - a ring of protection from fire (left hand)
 Q - a ring of protection from cold (right hand)
Wands
 b - a wand of flame (11)
 r - a wand of acid (7)
Scrolls
 d - a scroll of fear {unknown}
 h - 2 scrolls of amnesia {unknown}
 m - 2 scrolls of immolation {unknown}
 q - 2 scrolls of blinking
 t - 5 scrolls of remove curse {@r2}
 u - a scroll of acquirement {unknown}
 v - a scroll of magic mapping
 w - 6 scrolls of teleportation
 x - 2 scrolls of enchant armour {unknown}
 y - 2 scrolls of enchant weapon {unknown}
 E - a scroll of random uselessness {unknown}
 I - a scroll of noise {unknown}
 K - a scroll of fog {unknown}
Potions
 i - 3 potions of curing {@q1}
 k - a potion of cancellation
 n - a potion of brilliance
 s - a potion of mutation
 z - 3 potions of agility
 A - 2 potions of magic
 C - 2 potions of flight
 F - a potion of resistance {unknown}
 H - 2 potions of haste {unknown}
 L - 2 potions of lignification
 P - a potion of ambrosia {unknown}
Miscellaneous
 e - a sack of spiders
Comestibles
 f - 5 rations


   Skills:
 - Level 8.0 Fighting
   Level 2.0 Short Blades
 - Level 1.0 Throwing
 - Level 8.0 Dodging
 - Level 1.7 Stealth
 - Level 4.0 Spellcasting
 + Level 11.7 Conjurations
 - Level 1.1 Hexes
 - Level 2.5 Evocations


You had 14 spell levels left.
You knew the following spells:

 Your Spells              Type           Power        Failure   Level  Hunger
a - Dazzling Spray        Conj/Hex       ###...       3%          3    ###....

Your spell library contained the following spells:

 Spells                   Type           Power        Failure   Level  Hunger
 Corona                   Hex            #......      11%         1    None
 Ensorcelled Hibernation  Hex/Ice        #.....       22%         2    ##.....
 Confuse                  Hex            #.......     32%         3    ###....
 Tukima's Dance           Hex            #.......     32%         3    ###....


Dungeon Overview and Level Annotations

Branches:
Dungeon (8/15)             Temple (1/1) D:6            Lair (0/6) D:8

Altars:
Ashenzari
Cheibriados
Elyvilon
Fedhas
Gozag
Hepliaklqana
Kikubaaqudgha
Makhleb
Nemelex Xobeh
Ru
Sif Muna
Trog
Uskayaw
Vehumet
Wu Jian
Xom
Yredelemnul
Zin
The Shining One

Shops:
D:4 *   D:6 :

Annotations:
D:8 1 runed door


Innate Abilities, Weirdness & Mutations

You can spit globs of acid.
You are resistant to acid.
Your golden yellow scales are hard. (AC +7)
You cannot fit into any form of body armour.
You are cold-blooded and may be slowed by cold attacks.


Message History

* * * LOW HITPOINT WARNING * * *
The howler monkey hoots and howls with incredible vigour!
The killer bee stings you but does no damage.
You hear an angry growl.
You hear a shout!
You hear an angry hiss.
You miss the killer bee.
Your tail-slap misses the killer bee.
The killer bee stings you!
* * * LOW HITPOINT WARNING * * *
The killer bee stings you.
* * * LOW HITPOINT WARNING * * *
The killer bee misses you.
You riposte.
You slash the killer bee!
Your tail-slap misses the killer bee.
The howler monkey hoots and howls with incredible vigour!
The killer bee barely misses you.
You hear a shout!
Something shouts, "Fly, thou dissembling mumble-news fustilarian!"
The howler monkey hits you but does no damage.
The killer bee stings you.
* * * LOW HITPOINT WARNING * * *
The killer bee stings you!
You die...

### ####### #.#
###..<..#########.##############
...............††...............
##..###.#####.##..######.####.#
.....##.......##..# #.# #.#
.#...########.##..######.####.#
............<...@y.h.....^.##.#
...<.#.######....h.##'##.#.##.#
.......# #............#+##.#
.....### #...............#.#
............................#'##
##...#########.#.....r.........#
##... #.................# #####
##.........(#.....#
#.#...#..........#


You could see 2 howler monkeys, a porcupine and a killer bee.

Vanquished Creatures
  A hungry ghost (D:7)
  Menkaure (D:5)
  Duvessa (D:5)
  2 sky beasts
  3 porcupines
  A black bear (D:6)
  3 orc warriors
  An ice beast (D:4)
  2 ogres
  4 centaurs
  A necrophage (D:8)
  A big kobold (D:7)
  A gnoll sergeant (D:5)
  A bullfrog (D:6)
  Dowan (D:5)
  2 killer bees (D:8)
  A howler monkey (D:4)
  A crimson imp (D:3)
  5 hounds
  A bullfrog zombie (D:8)
  A jelly (D:6)
  2 orc priests
  Jessica (D:3)
  An iguana (D:4)
  Natasha (twice) (D:3)
  3 orc wizards
  6 worker ants
  A hound zombie (D:6)
  3 hound skeletons
  12 gnolls
  7 adders
  A shadow imp (D:4)
  An ooze (D:7)
  3 dart slugs
  3 leopard geckos
  16 orcs
  2 giant cockroaches
  5 goblins
  10 hobgoblins
  12 jackals
  2 quokkas
  6 bats
  3 frilled lizards
  39 kobolds
  6 rats
  A plant (D:7)
183 creatures vanquished.

Vanquished Creatures (others)
  Natasha (D:3)
  A kobold (D:7)
  3 fungi (D:8)
  12 plants
17 creatures vanquished.

Grand Total: 200 creatures vanquished

Notes
Turn   | Place    | Note
-------+----------+-------------------------------------------
     0 | D:1      | iamserjio the Draconian Wanderer began the quest for the
                  | Orb.
     0 | D:1      | iamserjio set off with: a +2 dagger, a potion of heal
                  | wounds, a +0 short sword, a potion of lignification, a
                  | ration
     0 | D:1      | Reached XP level 1. HP: 19/19 MP: 1/1
   140 | D:1      | Reached XP level 2. HP: 26/27 MP: 2/2
  1061 | D:1      | Reached XP level 3. HP: 12/34 MP: 3/3
  1476 | D:2      | Reached skill level 5 in Fighting
  1508 | D:2      | Found an opulent altar of Gozag.
  1789 | D:2      | Reached XP level 4. HP: 8/42 MP: 4/4
  2463 | D:3      | Noticed Natasha
  2489 | D:3      | Killed Natasha
  3238 | D:3      | Reached XP level 5. HP: 35/50 MP: 5/5
  3385 | D:3      | Noticed Natasha
  3418 | D:3      | Killed Natasha
  3522 | D:3      | Noticed Jessica
  3535 | D:3      | Killed Jessica
  3922 | D:3      | Noticed Natasha
  3929 | D:3      | Killed Natasha
  4266 | D:4      | Reached XP level 6. HP: 27/57 MP: 6/6
  4943 | D:4      | Reached skill level 1 in Spellcasting
  4944 | D:4      | Found Arhoomm's Assorted Antiques.
  5226 | D:4      | Bought a shiny fluorescent wand for 100 gold pieces
  5226 | D:4      | Bought a scroll labeled GEURYE IXUT for 25 gold pieces
  5677 | D:5      | Entered Level 5 of the Dungeon
  5677 | D:5      | Noticed Menkaure
  5879 | D:5      | Noticed a sky beast
  5891 | D:4      | Your scales start taking on a golden yellow colour.
  5891 | D:4      | Reached XP level 7. HP: 23/64 MP: 9/9
  7294 | D:6      | Found Roep's Book Emporium.
  7307 | D:6      | Learned a level 3 spell: Dazzling Spray
  7322 | D:6      | Reached skill level 1 in Conjurations
  7368 | D:6      | Reached XP level 8. HP: 74/74 MP: 10/12
  7375 | D:6      | Reached skill level 2 in Conjurations
  7436 | D:6      | Found a staircase to the Ecumenical Temple.
  7561 | Temple   | Entered the Ecumenical Temple
  7782 | Temple   | Became a worshipper of Sif Muna the Loreminder
  8110 | D:6      | Reached skill level 3 in Conjurations
  9114 | D:5      | Killed Menkaure
  9114 | D:5      | Reached skill level 4 in Conjurations
  9343 | D:5      | Noticed Duvessa
  9343 | D:5      | Noticed Dowan
  9353 | D:5      | Killed Duvessa
  9353 | D:5      | Reached skill level 5 in Conjurations
  9371 | D:5      | Killed Dowan
  9453 | D:5      | Reached skill level 6 in Conjurations
  9959 | D:7      | Found a flagged portal.
  9966 | D:7      | Reached * piety under Sif Muna
  9975 | Bailey   | Entered a bailey
  9994 | Bailey   | Noticed an orc warlord
 10292 | Bailey   | Reached skill level 1 in Hexes
 10292 | Bailey   | Reached XP level 9. HP: 48/81 MP: 15/15
 10484 | Bailey   | Found a runed gate.
 10484 | Bailey   | Found a runed gate.
 10484 | Bailey   | Found a runed gate.
 10690 | D:7      | Reached ** piety under Sif Muna
 10690 | D:7      | Reached skill level 11 in Conjurations
 10690 | D:7      | Reached XP level 10. HP: 47/88 MP: 16/16
 11032 | D:7      | Reached *** piety under Sif Muna
 12812 | D:8      | Found a staircase to the Lair.
 13023 | D:8      | Found a runed door.
 13085 | D:8      | Slain by a killer bee

Vault maps used:
D:1:      dpeg_arrival_boxorama, grunt_decor_mini_mirrors
D:2:      grunt_gozag_statues, first_ration, chequers_big_river
D:3:      uniq_jessica, uniq_natasha
D:4:      serial_shops, kennysheep_mini_moat
D:5:      uniq_menkaure, uniq_duvessa
D:6:      minmay_temple_entry_crystal_x, serial_shops, shop_fountains
D:7:      kennysheep_kobold_camp, enter_bailey_2
D:8:      cheibrodos_histonic, nicolae_overflow_hidden_temple,
          nicolae_dithmenos_the_darkroom, minmay_lair_entry_grove
Temple:   dpeg_five_rooms_temple
Bailey:   bailey_axe_bossmonster_kennysheep, bailey

Skill      XL: |  1  2  3  4  5  6  7  8  9 10 |
---------------+-------------------------------+-----
Fighting       | 4 5 6 8 |  8.0
Dodging        | 3 4 7 8 |  8.0
Spellcasting   | 1 2 4 |  4.0
Evocations     | 2 |  2.5
Conjurations   | 1 6 11 | 11.7
Hexes          | 1 |  1.1
Short Blades   | |  2.0
Throwing       | |  1.0
Stealth        | |  1.7

Action                   |  1- 3 |  4- 6 |  7- 9 | 10-12 || total
-------------------------+-------+-------+-------+-------++-------
Melee: Dagger            |   133 |   188 |       |       ||   321
       Tailslap          |    18 |    41 |    21 |    21 ||   101
       Short sword       |       |   245 |    75 |       ||   320
       Unarmed           |       |     1 |       |       ||     1
       War axe           |       |       |   121 |       ||   121
       Long sword        |       |       |       |   147 ||   147
Throw: Stone             |       |       |     4 |       ||     4
 Cast: Dazzling Spray    |       |       |     4 |     5 ||     9
 Abil: Breathe Acid      |       |       |    14 |     4 ||    18
Evoke: Wand              |       |    13 |    24 |       ||    37
  Use: Potion            |       |     5 |     3 |     3 ||    11
       Scroll            |       |     9 |     3 |     2 ||    14
 Stab: Sleeping          |     1 |     4 |     1 |     2 ||     8
       Distracted        |     1 |       |       |       ||     1
  Eat: Chunk             |     3 |    10 |    10 |     4 ||    27
       Ration            |       |     1 |     2 |     4 ||     7
Armor: Skin              |    44 |   132 |    94 |    72 ||   342
Dodge: Dodged            |   101 |   211 |   236 |   171 ||   719
       Rpst.: Long sword |       |       |       |    47 ||    47

Table legend:
 A = Non-vault XP
 B = Vault XP
 C = Vault XP percentage of total XP
 D = Non-vault monster count
 E = Vault monster count
 F = Vault count percentage of total count
                 A         B        C        D         E       F
            +---------+---------+-------+---------+---------+-------
      Total |    3383 |    1342 |  28.4 |     129 |      54 |  29.5
            +---------+---------+-------+---------+---------+-------
        D:1 |      30 |       0 |   0.0 |      17 |       0 |   0.0
        D:2 |     100 |       0 |   0.0 |      20 |       0 |   0.0
        D:3 |     132 |      72 |  35.3 |      11 |       2 |  15.4
        D:4 |     558 |       0 |   0.0 |      28 |       0 |   0.0
        D:5 |     516 |     392 |  43.2 |       9 |       3 |  25.0
        D:6 |     744 |       0 |   0.0 |      17 |       0 |   0.0
        D:7 |     764 |     277 |  26.6 |      17 |      21 |  55.3
        D:8 |     499 |     282 |  36.1 |       9 |       2 |  18.2
     Temple |      40 |       0 |   0.0 |       1 |       0 |   0.0
     Bailey |       0 |     319 | 100.0 |       0 |      26 | 100.0
            +---------+---------+-------+---------+---------+-------
